Quickblade, chaotic female elven Rogue ---- |..| ----------.<---------- ----- -- |............hh.G.........................- - ---------@---------- | -- |.| |.| |.| |.| .- . . -. --- Quickblade the Cutpurse Experience level: 5 Strength: 15 Dexterity: 17 Constitution: 13 Intelligence: 10 Wisdom: 9 Charisma: 11 Health: 0(37) Energy: 20(20) Def: 3 Gold: 491 Moves: 2227 Dungeon seed: YELhJ09eyBsAzL43 Game ID: Quickblade_1437821851 Your Inventory: Coins $ - 491 gold pieces Amulets W - a blessed amulet of ESP Weapons a - a +0 elven short sword (alternate weapon; not wielded) t - 15 +0 elven daggers (wielded) u - a cursed -1 elven dagger w - 5 +0 daggers D - a cursed -2 long sword Armor e - an uncursed +1 leather armor (being worn) Comestibles h - 5 uncursed lichen corpses v - an uncursed food ration Potions z - an uncursed potion of see invisible A - an uncursed potion of levitation Wands l - a wand of magic missile (0:6) Tools d - an uncursed lock pick f - an uncursed sack g - an uncursed blindfold Gems r - 2 uncursed worthless pieces of yellowish brown glass y - 2 uncursed worthless pieces of red glass Contents of the sack: an uncursed scroll of earth an uncursed scroll of enchant armor an uncursed scroll of fire 2 uncursed scrolls of gold detection an uncursed scroll of identify a blessed scroll of light an uncursed scroll of magic mapping an uncursed scroll of remove curse 2 uncursed scrolls of scare monster an uncursed scroll of teleportation a cursed scroll of water an uncursed potion of sickness Spells and supernatural/magical abilities: Name Level Category Fail Memory W - pray for help -- divine ? -- Your skills at the end: Fighting Skills Weapon Skills dagger [Basic] short sword [Basic] Spellcasting Skills Final Attributes: You were piously aligned. You were sleep resistant. You were poison resistant. You were telepathic. You had infravision. You were stealthy. You are dead. Vanquished creatures: a large mimic a small mimic a shrieker 2 giant ants a floating eye a wererat 2 iguanas a gas spore a hobbit a hobgoblin 3 giant rats a brown mold a yellow mold a green mold 2 gnomes 2 gnome zombies 2 geckos 3 jackals a fox 3 goblins 3 sewer rats 4 grid bugs 2 bats 8 lichens 8 newts 56 creatures vanquished. Voluntary challenges: You used a wielded weapon 96 times, starting on turn 11. You were illiterate. You never genocided any monsters. You never polymorphed an object. You never changed form. You used no wishes. You never split a pudding. You never wrote Elbereth's name. You never violated your personal moral code. You abstained from Elbereth's help. Dungeon overview: The Dungeons of Doom: levels 1 to 5 Level 1 a long staircase Level 2 a fountain Level 3 a weapon shop Level 4 a potion shop, a sink stairs to The Gnomish Mines Level 5 The Gnomish Mines: Level 5 <- You were here stairs to The Dungeons of Doom History has recorded: On T:1 you entered the Dungeons of Doom to retrieve the Amulet of Yendor! On T:431 you advanced to experience level 2. On T:475 you reached level 2 of The Dungeons of Doom. On T:620 you advanced to experience level 3. On T:928 you reached level 3 of The Dungeons of Doom. On T:962 you advanced to experience level 4. On T:1462 you advanced to experience level 5. On T:1554 you reached level 4 of The Dungeons of Doom. On T:1903 you reached level 5 of The Dungeons of Doom. On T:2085 you reached level 1 of The Gnomish Mines. Score breakdown: Gold: 491 ( 49 points) Experience: 5 levels ( 400 points) Exploration: 5 levels ( 120 points) Discoveries: 3 items ( 150 points) Variety of kills: 25 monsters ( 1250 points) Major goal: (nothing yet) ( 0 points) Survival: died (score multiplied by 3) Total score: 5907 Latest messages: Your feet are frozen to the floor! Your movements are now unencumbered. You hear a distant squeak. The dwarf wields a dagger! The dwarf thrusts his dagger. The dwarf hits! You hear a distant squeak. The dwarf wields a broad short sword! The dwarf thrusts his dagger. The dwarf hits! The gnome picks up 9 darts. The dwarf thrusts his dagger. The dwarf hits! The dwarf thrusts his dagger. The dwarf hits! The gnome hits! You die... Final status: Goodbye Quickblade the Rogue, killed by a gnome, while frozen by a potion... You died in The Gnomish Mines on dungeon level 5 with 5907 points, and 491 pieces of gold, after 2227 moves. You were level 5 with a maximum of 37 hit points when you died.